Workbook
Name Cost_of_Capital: DFCF!$C$9
Name Cost_of_Debt: DFCF!$C$6
Name Cost_of_Equity: DFCF!$C$8
Name Equity_Risk_Premium: DFCF!$C$5
Name Marginal_Tax_Rate: Data!$C$5
Name Risk_Free_Rate: DFCF!$C$4

Sheet Data
B2: Nomad Foods
B4: Units | C4: 1000000
B5: Marginal Tax Rate | C5: 0.25
F7: Historical | K7: Projected
B8: Income Statement | E8: 2022 | F8: 2023 | G8: 2024 | H8: 2025 | I8: 2026 | J8: 2027 | K8: 2028 | L8: 2029 | M8: 2030
B9: Revenue | E9: 2939.7 | F9: 3044.5 | G9: 3099.89 | H9: =G9+2259-2306.4 -> 3052.49 | I9: =H9*(1+I92) -> 3128.8022 | J9: =I9*(1+J92) -> 3175.7343 | K9: =J9*(1+K92) -> 3215.431 | L9: =K9*(1+L92) -> 3247.5853 | M9: =L9*(1+M92) -> 3280.0611
B10: Cost of Good Solds | E10: -2124.4 | F10: -2185.8 | G10: -2182 | H10: =G10-1634+1614 -> -2202 | I10: =I9*-I94 -> -2252.7376 | J10: =J9*-J94 -> -2280.1772 | K10: =K9*-K94 -> -2299.0331 | L10: =L9*-L94 -> -2312.2807 | M10: =M9*-M94 -> -2328.8434
B12: Gross Profit | E12: =E9+E10 -> 815.3 | F12: =F9+F10 -> 858.7 | G12: =G9+G10 -> 917.89 | H12: =H9+H10 -> 850.49 | I12: =I9+I10 -> 876.06463 | J12: =J9+J10 -> 895.55707 | K12: =K9+K10 -> 916.39782 | L12: =L9+L10 -> 935.30456 | M12: =M9+M10 -> 951.21773
B14: Other Operating Expenses | E14: -391.2 | F14: -445.8 | G14: -461.3 | H14: =G14-321.5+346.2 -> -436.6 | I14: =-I9*I96 -> -442.72552 | J14: =-J9*J96 -> -447.77853 | K14: =-K9*K96 -> -450.16033 | L14: =-L9*L96 -> -454.66194 | M14: =-M9*M96 -> -459.20856
B15: Exceptional Items | E15: -48.7 | F15: -72.5 | G15: -69.5 | H15: =G15-48.9+50.2 -> -68.2 | I15: =-I9*I98 -> -69.45941 | J15: =-J9*J98 -> -70.183728 | K15: =-K9*K98 -> -70.739481 | L15: =-L9*L98 -> -71.446876 | M15: =-M9*M98 -> -72.161345
B16: Total Operating Expenses | E16: =E14+E15 -> -439.9 | F16: =F14+F15 -> -518.3 | G16: =G14+G15 -> -530.8 | H16: =H14+H15 -> -504.8 | I16: =I14+I15 -> -512.18493 | J16: =J14+J15 -> -517.96226 | K16: =K14+K15 -> -520.89982 | L16: =L14+L15 -> -526.10881 | M16: =M14+M15 -> -531.3699
B18: Operating Profit | E18: =E12+E14+E15 -> 375.4 | F18: =F12+F14+F15 -> 340.4 | G18: =G12+G14+G15 -> 387.09 | H18: =H12+H14+H15 -> 345.69 | I18: =I12+I14+I15 -> 363.8797 | J18: =J12+J14+J15 -> 377.59481 | K18: =K12+K14+K15 -> 395.49801 | L18: =L12+L14+L15 -> 409.19574 | M18: =M12+M14+M15 -> 419.84782
B20: Financing Income | E20: 12.1 | F20: 22.8 | G20: 30.1 | H20: =G20+17.1-25.7 -> 21.5 | I20: =I169 -> 21.625 | J20: =J169 -> 21.625 | K20: =K169 -> 21.625 | L20: =L169 -> 21.625 | M20: =M169 -> 21.625
B21: Finance Expenses | E21: -66.5 | F21: -109.6 | G21: -139.2 | H21: =G21-91.3+104.6 -> -125.9 | I21: =-I167*G46 -> -119.757 | J21: =-J167*I46 -> -112.40211 | K21: =-K167*J46 -> -111.05095 | L21: =-L167*K46 -> -125.70378 | M21: =-M167*L46 -> -107.63827
B23: EBT | E23: =E18+E20+E21 -> 321 | F23: =F18+F20+F21 -> 253.6 | G23: =G18+G20+G21 -> 277.99 | H23: =H18+H20+H21 -> 241.29 | I23: =I18+I20+I21 -> 265.7477 | J23: =J18+J20+J21 -> 286.8177 | K23: =K18+K20+K21 -> 306.07206 | L23: =L18+L20+L21 -> 305.11697 | M23: =M18+M20+M21 -> 333.83455
B25: Tax | E25: -71.2 | F25: -60.9 | G25: -50.8 | H25: =G25-33.3+40.9 -> -43.2 | I25: =I23*-I119 -> -57.108224 | J25: =J23*-J119 -> -63.099893 | K25: =K23*-K119 -> -70.396574 | L25: =L23*-L119 -> -73.228072 | M25: =M23*-M119 -> -83.458637
B27: Net Income | E27: =E23+E25 -> 249.8 | F27: =F23+F25 -> 192.7 | G27: =G23+G25 -> 227.19 | H27: =H23+H25 -> 198.09 | I27: =I23+I25 -> 208.63948 | J27: =J23+J25 -> 223.7178 | K27: =K23+K25 -> 235.67549 | L27: =L23+L25 -> 231.88889 | M27: =M23+M25 -> 250.37591
F29: Historical | K29: Projected
B30: Balance Sheet | E30: 2022 | F30: 2023 | G30: 2024 | H30: 2025 | I30: 2026 | J30: 2027 | K30: 2028 | L30: 2029 | M30: 2030
B31: Assets
B32: Goodwill | E32: 2101 | F32: 2105 | G32: 2106.1 | H32: 2104.5 | I32: =H32 -> 2104.5 | J32: =I32 -> 2104.5 | K32: =J32 -> 2104.5 | L32: =K32 -> 2104.5 | M32: =L32 -> 2104.5
B33: Intangible Assets | E33: 2457.6 | F33: 2468.2 | G33: 2472.9 | H33: 2474.3 | I33: =H33+I113-I112 -> 2480.0667 | J33: =I33+J113-J112 -> 2485.8333 | K33: =J33+K113-K112 -> 2491.6 | L33: =K33+L113-L112 -> 2497.3667 | M33: =L33+M113-M112 -> 2503.1333
B34: Property, Plan and Equipment | E34: 542.9 | F34: 563.7 | G34: 591.1 | H34: 582.5 | I34: =H34+(-I115)+I116+I126+I128 -> 602.33333 | J34: =I34+(-J115)+J116+J126+J128 -> 622.16667 | K34: =J34+(-K115)+K116+K126+K128 -> 642 | L34: =K34+(-L115)+L116+L126+L128 -> 661.83333 | M34: =L34+(-M115)+M116+M126+M128 -> 681.66667
B35: Other Assets | E35: =8.1+1.8+20.1 -> 30 | F35: =7.1+0.5+1.9 -> 9.5 | G35: =8.6+0.5+21.2 -> 30.3 | H35: =9.3+5.4 -> 14.7 | I35: =I145*I9 -> 31.288022 | J35: =J145*J9 -> 38.108811 | K35: =K145*K9 -> 41.800603 | L35: =L145*L9 -> 48.713779 | M35: =M145*M9 -> 49.200917
B36: Tax Assets | E36: =100.4 -> 100.4 | F36: =106.9+40.7 -> 147.6 | G36: =14.7+47.6 -> 62.3 | H36: =36.4+2.8 -> 39.2 | I36: =H36 -> 39.2 | J36: =I36 -> 39.2 | K36: =J36 -> 39.2 | L36: =K36 -> 39.2 | M36: =L36 -> 39.2
B37: Cash | E37: 369.7 | F37: 412.9 | G37: 403.3 | H37: 193.6 | I37: =I87 -> 149.71487 | J37: =J87 -> 268.66555 | K37: =K87 -> 728.35993 | L37: =L87 -> 560.67744 | M37: =M87 -> 738.00844
B38: Inventories | E38: 457.1 | F38: 446.4 | G38: 441.5 | H38: 485.3 | I38: =I159 -> 493.75071 | J38: =J159 -> 487.27075 | K38: =K159 -> 485.00151 | L38: =L159 -> 481.46119 | M38: =M159 -> 478.52947
B39: Trade Receivable | E39: 266.8 | F39: 263.4 | G39: 334.1 | H39: 419 | I39: =I154 -> 428.60305 | J39: =J154 -> 391.52888 | K39: =K154 -> 352.376 | L39: =L154 -> 347.00226 | M39: =M154 -> 314.52641
B40: Total Assets | E40: =SUM(E32:E39) -> 6325.5 | F40: =SUM(F32:F39) -> 6416.7 | G40: =SUM(G32:G39) -> 6441.6 | H40: =SUM(H32:H39) -> 6313.1 | I40: =SUM(I32:I39) -> 6329.4567 | J40: =SUM(J32:J39) -> 6437.274 | K40: =SUM(K32:K39) -> 6884.838 | L40: =SUM(L32:L39) -> 6740.7547 | M40: =SUM(M32:M39) -> 6908.7652
B42: Liabilities
B43: Trade Payables | E43: 695.4 | F43: 769.8 | G43: 829.1 | H43: 844.7 | I43: =I162*-I16 -> 804.13034 | J43: =J162*-J16 -> 818.38037 | K43: =K162*-K16 -> 828.23071 | L43: =L162*-L16 -> 841.7741 | M43: =M162*-M16 -> 850.19184
B44: Provisions | E44: =36.1+1.3 -> 37.4 | F44: =35.1+1.4 -> 36.5 | G44: =27.1+2.7 -> 29.8 | H44: 25.8 | I44: =-I148*I16 -> 28.170171 | J44: =-J148*J16 -> 27.969962 | K44: =-K148*K16 -> 27.08679 | L44: =-L148*L16 -> 27.883767 | M44: =-M148*M16 -> 26.568495
B45: Deferred Tax Liabilities | E45: =445.1+183 -> 628.1 | F45: =425.1+189.5 -> 614.6 | G45: =292.7+226.7 -> 519.4 | H45: =285.7+197.7 -> 483.4 | I45: =H45+(I60+I63) -> 468.32045 | J45: =I45+(J60+J63) -> 458.85547 | K45: =J45+(K60+K63) -> 451.81581 | L45: =K45+(L60+L63) -> 448.15441 | M45: =L45+(M60+M63) -> 448.15441
B46: Loans and Borrowings | E46: =2142.3+22.6 -> 2164.9 | F46: =2113.7+21.4 -> 2135.1 | G46: =2151.4+26 -> 2177.4 | H46: =2077.5+28.5 -> 2106 | I46: =H46+I128+I78+I77+I79+I80 -> 2100.974 | J46: =I46+J128+J78+J77+J79+J80 -> 2095.3009 | K46: =J46+K128+K78+K77+K79+K80 -> 2417.3803 | L46: =K46+L128+L78+L77+L79+L80 -> 2110.5544 | M46: =L46+M128+M78+M77+M79+M80 -> 2108.8875
B47: Other Liabilities | E47: =1.1+132.1+60.3 -> 193.5 | F47: =0.5+158.3+110 -> 268.8 | G47: =0.5+152.1+60.8 -> 213.4 | H47: =147+130.1+18.6+0.4+2.8 -> 298.9 | I47: =-I16*I149 -> 307.31096 | J47: =-J16*J149 -> 315.95698 | K47: =-K16*K149 -> 322.95789 | L47: =-L16*L149 -> 331.44855 | M47: =-M16*M149 -> 340.07674
B48: Total Liabilities | E48: =SUM(E43:E47) -> 3719.3 | F48: =SUM(F43:F47) -> 3824.8 | G48: =SUM(G43:G47) -> 3769.1 | H48: =SUM(H43:H47) -> 3758.8 | I48: =SUM(I43:I47) -> 3708.9059 | J48: =SUM(J43:J47) -> 3716.4636 | K48: =SUM(K43:K47) -> 4047.4715 | L48: =SUM(L43:L47) -> 3759.8152 | M48: =SUM(M43:M47) -> 3773.879
B50: Equity | E50: =2606.2 -> 2606.2 | F50: 2591.9 | G50: =2662.5+10 -> 2672.5 | H50: 2554.3 | I50: =H50+I27+I57+I74+I75+I76+I81+I70-I59-12.84-2.37 -> 2620.5487 | J50: =I50+J27+J57+J74+J75+J76+J81+J70-J59+3.48-3.72 -> 2720.8144 | K50: =J50+K27+K57+K74+K75+K76+K81+K70-K59+3.16-4.29 -> 2837.3647 | L50: =K50+L27+L57+L74+L75+L76+L81+L70-L59+2.66-4.49 -> 2980.943 | M50: =L50+M27+M57+M74+M75+M76+M81+M70-M59+2.1-0.12-4.54 -> 3134.8835
B52: Balance Check | E52: =E50+E48-E40 -> 0 | F52: =F50+F48-F40 -> 0 | G52: =G50+G48-G40 -> 0 | H52: =H50+H48-H40 -> 0 | I52: =I40-I48-I50 -> 0.0020500797 | J52: =J50+J48-J40 -> 0.0040190894 | K52: =K50+K48-K40 -> -0.0018358769 | L52: =L50+L48-L40 -> 0.0035506071 | M52: =M50+M48-M40 -> -0.002709044
F54: Historical | K54: Projected
B55: Cashflow Statement | E55: 2022 | F55: 2023 | G55: 2024 | H55: 2025 | I55: 2026 | J55: 2027 | K55: 2028 | L55: 2029 | M55: 2030
B56: Net Income | E56: =E27 -> 249.8 | F56: =F27 -> 192.7 | G56: =G27 -> 227.19 | H56: =H27 -> 198.09 | I56: =I27 -> 208.63948 | J56: =J27 -> 223.7178 | K56: =K27 -> 235.67549 | L56: =L27 -> 231.88889 | M56: =M27 -> 250.37591
B57: Stock Based Compesation | E57: 8.1 | F57: 24.1 | G57: 8.8 | H57: =G57+6.7-8.5 -> 7 | I57: =I101 -> 12 | J57: =J101 -> 12 | K57: =K101 -> 12 | L57: =L101 -> 12 | M57: =M101 -> 12
B58: D&A | E58: 88.6 | F58: 95 | G58: 96.9 | H58: =G58+79.9-71.4 -> 105.4 | I58: =(I126+I113+I116)*-1 -> 93.7 | J58: =(J126+J113+J116)*-1 -> 93.7 | K58: =(K126+K113+K116)*-1 -> 93.7 | L58: =(L126+L113+L116)*-1 -> 93.7 | M58: =(M126+M113+M116)*-1 -> 93.7
B59: Loss on Disposal and Asset impairment | E59: 0.8 | F59: 1.2 | G59: 1.6 | H59: =G59+0.8-0.2 -> 2.2 | I59: =I103 -> 1.45 | J59: =J103 -> 1.45 | K59: =K103 -> 1.45 | L59: =L103 -> 1.45 | M59: =M103 -> 1.45
B60: Taxation | E60: 71.2 | F60: 60.9 | G60: 50.8 | H60: =G60+33.3-40.9 -> 43.2 | I60: =-I25 -> 57.108224 | J60: =-J25 -> 63.099893 | K60: =-K25 -> 70.396574 | L60: =-L25 -> 73.228072 | M60: =-M25 -> 83.458637
B61: Change in Working Capital | E61: =-61.7-38.3+5.6-2.4 -> -96.8 | F61: =18.8+0.3+42.1-3.2 -> 58 | G61: =-1.2-75+68.6-4 -> -11.6 | H61: =G61+113.9-132.6 -> -30.3 | I61: =G39-I39+G38-I38+G35-I35+I43-G43+I44-G44+I47-G47 -> -80.430316 | J61: =I35-J35+I38-J38+I39-J39+J43-I43+J44-I44+J47-I47 -> 59.429188 | K61: =J35-K35+J38-K38+J39-K39+K43-J43+K44-J44+K47-J47 -> 53.698402 | L61: =K35-L35+K38-L38+K39-L39+L43-K43+L44-K44+L47-K47 -> 24.831918 | M61: =L35-M35+L38-M38+L39-M39+M43-L43+M44-L44+M47-L47 -> 50.651093
B63: Tax Paid | E63: -49.1 | F63: -92.8 | G63: -80.2 | H63: =G63-54.7+29.2 -> -105.7 | I63: =I25*I121 -> -72.187773 | J63: =J25*J121 -> -72.564877 | K63: =K25*K121 -> -77.436232 | L63: =L25*L121 -> -76.889476 | M63: =M25*M121 -> -83.458637
B65: Cashflow from Operating Activities | E65: =SUM(E56:E61)+SUM(E63:E63) -> 272.6 | F65: =SUM(F56:F61)+SUM(F63:F63) -> 339.1 | G65: =SUM(G56:G61)+SUM(G63:G63) -> 293.49 | H65: =SUM(H56:H61)+SUM(H63:H63) -> 219.89 | I65: =SUM(I56:I61)+SUM(I63:I63) -> 220.27961 | J65: =SUM(J56:J61)+SUM(J63:J63) -> 380.83201 | K65: =SUM(K56:K61)+SUM(K63:K63) -> 389.48423 | L65: =SUM(L56:L61)+SUM(L63:L63) -> 360.20941 | M65: =SUM(M56:M61)+SUM(M63:M63) -> 408.17701
B67: Business Combination | E67: 0.4 | F67: 0 | G67: 0 | H67: 0 | I67: 0 | J67: 0 | K67: 0 | L67: 0 | M67: 0
B68: Purchase of PP&E | E68: =-79.1+13.9 -> -65.2 | F68: =-82.4+13.9 -> -68.5 | G68: =-80.3+14.8 -> -65.5 | H68: =G68-59.6+55.9 -> -69.2 | I68: =-I9*I105 -> -69.20795 | J68: =-J9*J105 -> -70.246069 | K68: =-K9*K105 -> -71.124145 | L68: =-L9*L105 -> -71.835386 | M68: =-M9*M105 -> -72.55374
B69: Purchase of Intangibles | E69: -13.9 | F69: -13.9 | G69: -14.8 | H69: 0 | I69: =I112 -> -14.2 | J69: =J112 -> -14.2 | K69: =K112 -> -14.2 | L69: =L112 -> -14.2 | M69: =M112 -> -14.2
B70: Redemption of Investments | E70: 0 | F70: 0.3 | G70: 5.7 | H70: 0 | I70: =I107 -> 1.5 | J70: =J107 -> 1.5 | K70: =K107 -> 1.5 | L70: =L107 -> 1.5 | M70: =M107 -> 1.5
B72: Cashflow from Investing | E72: =SUM(E67:E70) -> -78.7 | F72: =SUM(F67:F70) -> -82.1 | G72: =SUM(G67:G70) -> -74.6 | H72: =SUM(H67:H70) -> -69.2 | I72: =SUM(I67:I70) -> -81.90795 | J72: =SUM(J67:J70) -> -82.946069 | K72: =SUM(K67:K70) -> -83.824145 | L72: =SUM(L67:L70) -> -84.535386 | M72: =SUM(M67:M70) -> -85.25374
B74: Repurchase of Shares | E74: -26.8 | F74: -170.9 | G74: -118.7 | H74: =G74-151.4+42.9 -> -227.2 | I74: =I141 -> -50 | J74: =J141 -> -40 | K74: =K141 -> -30 | L74: =L141 -> 0 | M74: =M141 -> 0
B75: Dividends Paid | E75: 0 | F75: 0 | G75: -89.2 | H75: =G75-69.7+67.4 -> -91.5 | I75: =I139 -> -83.455791 | J75: =J139 -> -89.487122 | K75: =K139 -> -94.270195 | L75: =L139 -> -92.755558 | M75: =M139 -> -100.15036
B76: Payments related to Shares withheld Tax | E76: -2.9 | F76: -7.1 | G76: -5.8 | H76: =G76-6.7+5.2 -> -7.3 | I76: =I173 -> -5.775 | J76: =J173 -> -5.775 | K76: =K173 -> -5.775 | L76: =L173 -> -5.775 | M76: =M173 -> -5.775
B77: Principal Payment | E77: =799.3-916.2 -> -116.9 | F77: =6-12.6 -> -6.6 | G77: =-6.5 -> -6.5 | H77: 0 | I77: =-I177 -> -6 | J77: =-J177 -> -6 | K77: =-K177 -> -520 | L77: =-L177 -> -306 | M77: =-M177 -> 0
B78: Debt Issuing | E78: 0 | F78: 0 | G78: 0 | H78: 0 | I78: =I183 -> 0 | J78: =J183 -> 0 | K78: =K183 -> 842.45592 | L78: =L183 -> 0 | M78: =M183 -> 0
B79: Payment of Lease Liabilities | E79: -26.5 | F79: -30.1 | G79: -31.3 | H79: =G79-25.7+22.7 -> -34.3 | I79: =I135 -> -33.876 | J79: =J135 -> -35.36064 | K79: =K135 -> -36.31081 | L79: =L135 -> -36.918918 | M79: =M135 -> -37.308108
B80: Payment of Financing Fees | E80: -6.5 | F80: -3.3 | G80: -2.7 | H80: =G80-0.2+2.8 -> -0.1 | I80: =I171 -> -3.15 | J80: =J171 -> -2.3125 | K80: =K171 -> -2.065625 | L80: =L171 -> -1.9070313 | M80: =M171 -> -2.3587891
B81: Other | E81: =124.8+0.9 -> 125.7 | F81: =-9.6 -> -9.6 | G81: 0 | H81: 0 | I81: =I109 -> 0 | J81: =J109 -> 0 | K81: =K109 -> 0 | L81: =L109 -> 0 | M81: =M109 -> 0
B83: Cashflow from Financing | E83: =SUM(E74:E81) -> -53.9 | F83: =SUM(F74:F81) -> -227.6 | G83: =SUM(G74:G81) -> -254.2 | H83: =SUM(H74:H81) -> -360.4 | I83: =SUM(I74:I81) -> -182.25679 | J83: =SUM(J74:J81) -> -178.93526 | K83: =SUM(K74:K81) -> 154.03429 | L83: =SUM(L74:L81) -> -443.35651 | M83: =SUM(M74:M81) -> -145.59226
B85: Net Change | E85: =E83+E72+E65 -> 140 | F85: =F65+F72+F83 -> 29.4 | G85: =G65+G72+G83 -> -35.31 | H85: =H65+H72+H83 -> -209.71 | I85: =I65+I72+I83 -> -43.885128 | J85: =J65+J72+J83 -> 118.95068 | K85: =K65+K72+K83 -> 459.69438 | L85: =L65+L72+L83 -> -167.68248 | M85: =M65+M72+M83 -> 177.331
B86: Start Balance | F86: =E87 -> 369.7 | G86: =F87 -> 399.1 | H86: =G87 -> 403.3 | I86: =H87 -> 193.6 | J86: =I87 -> 149.71487 | K86: =J87 -> 268.66555 | L86: =K87 -> 728.35993 | M86: =L87 -> 560.67744
B87: Ending Cash | E87: =E37 -> 369.7 | F87: =F86+F85 -> 399.1 | G87: =G37 -> 403.3 | H87: =H37 -> 193.6 | I87: =I86+I85 -> 149.71487 | J87: =J86+J85 -> 268.66555 | K87: =K86+K85 -> 728.35993 | L87: =L86+L85 -> 560.67744 | M87: =M86+M85 -> 738.00844
F89: Historical | K89: Projected
B90: Nomad Foods Drivers | E90: 2022 | F90: 2023 | G90: 2024 | H90: 2025 | I90: 2026 | J90: 2027 | K90: 2028 | L90: 2029 | M90: 2030
B91: Income Statement
B92: Revenue Growth % | F92: =F9/E9-1 -> 0.035649896 | G92: =G9/F9-1 -> 0.018193464 | H92: =H9/G9-1 -> -0.015290865 | I92: 0.025 | J92: 0.015 | K92: 0.0125 | L92: 0.01 | M92: 0.01
B94: Cost of Good Sold as % Revenue | E94: =-E10/E9 -> 0.72265877 | F94: =-F10/F9 -> 0.7179504 | G94: =-G10/G9 -> 0.70389594 | H94: =-H10/H9 -> 0.72137828 | I94: 0.72 | J94: 0.718 | K94: 0.715 | L94: 0.712 | M94: 0.71
B96: Other Expenses as % Revenue | E96: =-E14/E9 -> 0.1330748 | F96: =-F14/F9 -> 0.14642798 | G96: =-G14/G9 -> 0.14881173 | H96: =-H14/H9 -> 0.14303077 | I96: 0.1415 | J96: 0.141 | K96: 0.14 | L96: 0.14 | M96: 0.14
B98: Exceptional Items as % Revenue | E98: =-E15/E9 -> 0.016566316 | F98: =-F15/F9 -> 0.023813434 | G98: =-G15/G9 -> 0.02242015 | H98: =-H15/H9 -> 0.022342416 | I98: 0.0222 | J98: 0.0221 | K98: 0.022 | L98: 0.022 | M98: 0.022
B100: Cashflow Statement
B101: Stock Based Compesation | E101: =E57 -> 8.1 | F101: =F57 -> 24.1 | G101: =G57 -> 8.8 | H101: =H57 -> 7 | I101: =AVERAGE(E101:H101) -> 12 | J101: =I101 -> 12 | K101: =J101 -> 12 | L101: =K101 -> 12 | M101: =L101 -> 12
B103: Loss on Disposal and Asset impairment | E103: =E59 -> 0.8 | F103: =F59 -> 1.2 | G103: =G59 -> 1.6 | H103: =H59 -> 2.2 | I103: =AVERAGE(E103:H103) -> 1.45 | J103: =I103 -> 1.45 | K103: =J103 -> 1.45 | L103: =K103 -> 1.45 | M103: =L103 -> 1.45
B105: Purchase of PP&E as % Revenue | E105: =-E68/E9 -> 0.022179134 | F105: =-F68/F9 -> 0.022499589 | G105: =-G68/G9 -> 0.021129782 | H105: =-H68/H9 -> 0.022670017 | I105: =AVERAGE(E105:H105) -> 0.022119631 | J105: =I105 -> 0.022119631 | K105: =J105 -> 0.022119631 | L105: =K105 -> 0.022119631 | M105: =L105 -> 0.022119631
B107: Redemption of Investments | E107: =E70 -> 0 | F107: =F70 -> 0.3 | G107: =G70 -> 5.7 | H107: =H70 -> 0 | I107: =AVERAGE(E107:H107) -> 1.5 | J107: =I107 -> 1.5 | K107: =J107 -> 1.5 | L107: =K107 -> 1.5 | M107: =L107 -> 1.5
B109: Other | E109: =E81 -> 125.7 | F109: =F81 -> -9.6 | G109: =G81 -> 0 | H109: =H81 -> 0 | I109: 0 | J109: 0 | K109: 0 | L109: 0 | M109: 0
B111: CAPEX
B112: Purchase of Intangible | E112: =E69 -> -13.9 | F112: =F69 -> -13.9 | G112: =G69 -> -14.8 | H112: =H69 -> 0 | I112: =AVERAGE(E112:G112) -> -14.2 | J112: =I112 -> -14.2 | K112: =J112 -> -14.2 | L112: =K112 -> -14.2 | M112: =L112 -> -14.2
B113: D&A of Intangible | E113: -8.8 | F113: -7.7 | G113: -8.8 | H113: -7.8 | I113: =AVERAGE(E113:G113) -> -8.4333333 | J113: =I113 -> -8.4333333 | K113: =J113 -> -8.4333333 | L113: =K113 -> -8.4333333 | M113: =L113 -> -8.4333333
B115: Purchase of PP&E | E115: =E68 -> -65.2 | F115: =F68 -> -68.5 | G115: =G68 -> -65.5 | H115: =H68 -> -69.2 | I115: =AVERAGE(E115:H115) -> -67.1 | J115: =I115 -> -67.1 | K115: =J115 -> -67.1 | L115: =K115 -> -67.1 | M115: =L115 -> -67.1
B116: D&A of PPE | E116: -57.7 | F116: -59.7 | G116: -61.4 | H116: -60.4 | I116: =AVERAGE(E116:H116) -> -59.8 | J116: =I116 -> -59.8 | K116: =J116 -> -59.8 | L116: =K116 -> -59.8 | M116: =L116 -> -59.8
B118: Tax
B119: Book Taxes as % of EBT | E119: =-E25/E23 -> 0.22180685 | F119: =-F25/F23 -> 0.24014196 | G119: =-G25/G23 -> 0.18274039 | I119: =AVERAGE(E119:G119) -> 0.2148964 | J119: 0.22 | K119: 0.23 | L119: 0.24 | M119: 0.25
B121: Taxes Paid as % of Book Taxes | E121: =E63/E25 -> 0.68960674 | F121: =F63/F25 -> 1.5238095 | G121: =G63/G25 -> 1.5787402 | I121: =AVERAGE(E121:G121) -> 1.2640521 | J121: 1.15 | K121: 1.1 | L121: 1.05 | M121: 1
B123: Lease Liabilities
B124: Right-of-use Assets included in PP&E | E124: 49 | F124: 62.1 | G124: 72.5 | I124: =G124-I126+I128 -> 135.96667 | J124: =I124-J126+J128 -> 199.43333 | K124: =J124-K126+K128 -> 262.9 | L124: =K124-L126+L128 -> 326.36667 | M124: =L124-M126+M128 -> 389.83333
B126: D&A of Right-of-use Assets | E126: -22.1 | F126: -27.6 | G126: -26.7 | I126: =AVERAGE(E126:G126) -> -25.466667 | J126: =I126 -> -25.466667 | K126: =J126 -> -25.466667 | L126: =K126 -> -25.466667 | M126: =L126 -> -25.466667
B128: Net Additions of ROU | F128: =F124-(E124-E126) -> -9 | G128: =G124-(F124-F126) -> -17.2 | I128: 38 | J128: 38 | K128: 38 | L128: 38 | M128: 38
B129: Additions + D&A | I129: =I128+I126 -> 12.533333 | J129: =J128+J126 -> 12.533333 | K129: =K128+K126 -> 12.533333 | L129: =L128+L126 -> 12.533333 | M129: =M128+M126 -> 12.533333
B131: Total Leases included in Loans & Borrowings | E131: =44.3+22.3 -> 66.6 | F131: =21.4+57.4 -> 78.8 | G131: =26+68.1 -> 94.1 | H131: =26+68.1 -> 94.1 | I131: =G131+I128+I135 -> 98.224 | J131: =I131+J128+J135 -> 100.86336 | K131: =J131+K128+K135 -> 102.55255 | L131: =K131+L128+L135 -> 103.63363 | M131: =L131+M128+M135 -> 104.32552
B132: Leases as % of Loans and Borowings | E132: =E131/E46 -> 0.030763546 | F132: =F131/F46 -> 0.036906936 | G132: =G131/G46 -> 0.04321668 | H132: =H131/H46 -> 0.044681861
B134: Princpal Lease Payment as % of Lease Liabilities | F134: =F135/-E131 -> 0.45195195 | G134: =G135/-F131 -> 0.39720812 | H134: =H135/-G131 -> 0.36450584 | I134: 0.36 | J134: 0.36 | K134: 0.36 | L134: 0.36 | M134: 0.36
B135: Lease Payment | E135: =E79 -> -26.5 | F135: =F79 -> -30.1 | G135: =G79 -> -31.3 | H135: =H79 -> -34.3 | I135: =I134*-G131 -> -33.876 | J135: =J134*-I131 -> -35.36064 | K135: =K134*-J131 -> -36.31081 | L135: =L134*-K131 -> -36.918918 | M135: =M134*-L131 -> -37.308108
B137: Dividend and Share Repurchase
B138: Dividend as % of Net Income | E138: =-E75/E27 -> 0 | F138: =-F75/F27 -> 0 | G138: =-G75/G27 -> 0.39262291 | H138: =-H75/H27 -> 0.46191125 | I138: 0.4 | J138: 0.4 | K138: 0.4 | L138: 0.4 | M138: 0.4
B139: Net Dividend | E139: =E75 -> 0 | F139: =F75 -> 0 | G139: =G75 -> -89.2 | H139: =H75 -> -91.5 | I139: =I138*-I27 -> -83.455791 | J139: =J138*-J27 -> -89.487122 | K139: =K138*-K27 -> -94.270195 | L139: =L138*-L27 -> -92.755558 | M139: =M138*-M27 -> -100.15036
B141: Share Repurchase | E141: =E74 -> -26.8 | F141: =F74 -> -170.9 | G141: =G74 -> -118.7 | H141: =H74 -> -227.2 | I141: -50 | J141: -40 | K141: -30 | L141: 0 | M141: 0
B143: Working Capital
...

Sheet WACC
B2: Company Name | C2: Ticker | D2: Market Cap | E2: Gross Profit Margin | F2: Beta | G2: Total Debt | H2: Equity | I2: Equity % Capital | J2: Debt % Capital | K2: Operating Margin | L2: Forward P/E | M2: Forward EV/EBITDA | N2: Revenue Forward 2Y | O2: Days Inventory Outstanding | P2: Days Payable Outstanding | Q2: Days Receivable Outstanding
B3: CAG | C3: Conagra Brands, Inc | D3: 8166.63 | E3: 0.255 | F3: 0.1 | G3: 8279.8 | H3: 8915.8 | I3: =H3/(H3+G3) -> 0.5184931 | J3: =G3/(G3+H3) -> 0.4815069 | K3: 0.138 | L3: 10.8 | M3: 9.6 | N3: -0.019 | O3: 95.5 | P3: 65.2 | Q3: 26.9
B4: NESN | C4: Nestle SA | D4: 250823.21 | E4: 0.467 | F4: 0.5 | G4: 82687.17 | H4: 36332.24 | I4: =H4/(H4+G4) -> 0.30526315 | J4: =G4/(G4+H4) -> 0.69473685 | K4: 0.164 | L4: 17.3 | M4: 14.1 | N4: -0.001 | O4: 103.8 | P4: 142 | Q4: 45
B5: TSN | C5: Tyson Foods | D5: 18567.67 | E5: 0.076 | F5: 0.6 | G5: 9065 | H5: 18338 | I5: =H5/(H5+G5) -> 0.6691968 | J5: =G5/(G5+H5) -> 0.3308032 | K5: 0.037 | L5: 14.4 | M5: 7.7 | N5: 0.025 | O5: 38.1 | P5: 16.8 | Q5: 16.3
B6: GIS | C6: General Mills | D6: 25333 | E6: 0.344 | F6: 0 | G6: 14407 | H6: 9506.6 | I6: =H6/(H6+G6) -> 0.39753948 | J6: =G6/(G6+H6) -> 0.60246052 | K6: 0.168 | L6: 13.7 | M6: 11.5 | N6: -0.025 | O6: 58.6 | P6: 109 | Q6: 34.7
B7: KGC | C7: The Kraft Heinz Company | D7: 28674.06 | E7: 0.337 | F7: 0.2 | G7: 21192 | H7: 41450 | I7: =H7/(H7+G7) -> 0.66169663 | J7: =G7/(G7+H7) -> 0.33830337 | K7: 0.201 | L7: 10 | M7: 8.5 | N7: -0.009 | O7: 80.8 | P7: 101.8 | Q7: 32.1
B8: 2802.TO | C8: Ajinomoto Co. Inc | D8: 28264.68 | E8: 0.364 | F8: 0.1 | G8: 3877.12 | H8: 4874.84 | I8: =H8/(H8+G8) -> 0.5569998 | J8: =G8/(G8+H8) -> 0.4430002 | K8: 0.075 | L8: 32.4 | M8: 16.6 | N8: 1.319 | O8: 115 | P8: 85 | Q8: 42.5
B9: BGS | C9: B&G Foods | D9: 321.22 | E9: 0.217 | F9: 0.5 | G9: 2037.78 | H9: 501.43 | I9: =H9/(H9+G9) -> 0.19747481 | J9: =G9/(G9+H9) -> 0.80252519 | K9: 0.104 | L9: 8.3 | M9: 8.8 | N9: -0.035 | O9: 136.2 | P9: 35 | Q9: 27.6
B10: LW | C10: Lamb Weston Holdings | D10: 8723 | E10: 0.226 | F10: 0.5 | G10: 3991.6 | H10: 1789.8 | I10: =H10/(H10+G10) -> 0.30957899 | J10: =G10/(G10+H10) -> 0.69042101 | K10: 0.129 | L10: 19.9 | M10: 10.5 | N10: 0.003 | O10: 74.4 | P10: 47.1 | Q10: 42.1
B12: Maximum | E12: =MAX(E3:E10) -> 0.467 | I12: =MAX(I3:I10) -> 0.6691968 | J12: =MAX(J3:J10) -> 0.80252519 | K12: =MAX(K3:K10) -> 0.201 | L12: =MAX(L3:L10) -> 32.4 | M12: =MAX(M3:M10) -> 16.6 | N12: =MAX(N3:N10) -> 1.319 | O12: =MAX(O3:O10) -> 136.2 | P12: =MAX(P3:P10) -> 142 | Q12: =MAX(Q3:Q10) -> 45
B13: 75th Percentile | E13: =QUARTILE(E3:E10,3) -> 0.349 | I13: =QUARTILE(I3:I10,3) -> 0.58317401 | J13: =QUARTILE(J3:J10,3) -> 0.69149997 | K13: =QUARTILE(K3:K10,3) -> 0.165 | L13: =QUARTILE(L3:L10,3) -> 17.95 | M13: =QUARTILE(M3:M10,3) -> 12.15 | N13: =QUARTILE(N3:N10,3) -> 0.0085 | O13: =QUARTILE(O3:O10,3) -> 106.6 | P13: =QUARTILE(P3:P10,3) -> 103.6 | Q13: =QUARTILE(Q3:Q10,3) -> 42.2
B14: Median | E14: =MEDIAN(E3:E10) -> 0.296 | F14: =MEDIAN(F3:F10) -> 0.35 | I14: =MEDIAN(I3:I10) -> 0.45801629 | J14: =MEDIAN(J3:J10) -> 0.54198371 | K14: =MEDIAN(K3:K10) -> 0.1335 | L14: =MEDIAN(L3:L10) -> 14.05 | M14: =MEDIAN(M3:M10) -> 10.05 | N14: =MEDIAN(N3:N10) -> -0.005 | O14: =MEDIAN(O3:O10) -> 88.15 | P14: =MEDIAN(P3:P10) -> 75.1 | Q14: =MEDIAN(Q3:Q10) -> 33.4
B15: 25th Percentile | E15: =QUARTILE(E3:E10,1) -> 0.22375 | I15: =QUARTILE(I3:I10,1) -> 0.30850003 | J15: =QUARTILE(J3:J10,1) -> 0.41682599 | K15: =QUARTILE(K3:K10,1) -> 0.09675 | L15: =QUARTILE(L3:L10,1) -> 10.6 | M15: =QUARTILE(M3:M10,1) -> 8.725 | N15: =QUARTILE(N3:N10,1) -> -0.0205 | O15: =QUARTILE(O3:O10,1) -> 70.45 | P15: =QUARTILE(P3:P10,1) -> 44.075 | Q15: =QUARTILE(Q3:Q10,1) -> 27.425
B16: Minimum | E16: =MIN(E3:E10) -> 0.076 | I16: =MIN(I3:I10) -> 0.19747481 | J16: =MIN(J3:J10) -> 0.3308032 | K16: =MIN(K3:K10) -> 0.037 | L16: =MIN(L3:L10) -> 8.3 | M16: =MIN(M3:M10) -> 7.7 | N16: =MIN(N3:N10) -> -0.035 | O16: =MIN(O3:O10) -> 38.1 | P16: =MIN(P3:P10) -> 16.8 | Q16: =MIN(Q3:Q10) -> 16.3
B18: NOMD | C18: Nomad Foods | D18: 2476.33 | E18: =1-Data!G94 -> 0.29610406 | F18: 0.7 | G18: =Data!G46 -> 2177.4 | H18: =Data!G50 -> 2672.5 | I18: =H18/(H18+G18) -> 0.55104229 | J18: =G18/(G18+H18) -> 0.44895771 | K18: =DFCF!E30 -> 0.12487217 | L18: 6.4 | M18: 6.5 | N18: 0.007 | O18: =Data!G158 -> 73.853116 | P18: =Data!G163 -> 138.68996 | Q18: =Data!G153 -> 39.338977
B20: WACC Calculation | D20: Equity % Capital | E20: Debt % Capital | F20: Unlevered Beta | G20: Levered Beta
B21: Current Capital Structure | D21: =I18 -> 0.55104229 | E21: =J18 -> 0.44895771 | F21: =F18 -> 0.7 | G21: =F21*(1+(1-Marginal_Tax_Rate)*(E21/D21)) -> 1.1277399
B22: Optimal Capital Structure | D22: =I14 -> 0.45801629 | E22: =J14 -> 0.54198371 | F22: =F14 -> 0.35 | G22: =F22*(1+(1-Marginal_Tax_Rate)*(E22/D22)) -> 0.66062372
B24: Cost of Equity - Current Capital Structure | D24: =Risk_Free_Rate+(Equity_Risk_Premium*G21) -> 0.095461071
B25: Cost of Equity - Optimal Capital Structure | D25: =Risk_Free_Rate+(G22*Equity_Risk_Premium) -> 0.07439413
B26: Average Cost of Equity | D26: =AVERAGE(D24:D25) -> 0.084927601
B28: Cost of Capital - Current Capital Structure | D28: {=D21*D24+Cost_of_Debt*E21} -> 0.081785339
B29: Cost of Capital - Optimal Capital Structure | D29: =D22*D25+E22*Cost_of_Debt -> 0.069302664
B30: Average Cost of Capital | D30: =AVERAGE(D28:D29) -> 0.075544002

Sheet DFCF
B2: Discounted FCFF
B4: Risk Free Rate | C4: 0.0446 | E4: Perpetual | H4: Exit
B5: Equity Risk Premium | C5: 0.0451 | E5: Perpetual Growth | F5: 0.0032 | H5: EV/EBITDA | I5: 9
B6: Cost of Debt | C6: 0.065
E7: Terminal FCF | F7: =O46 -> 368.77887 | H7: Terminal EBITDA | I7: =O48 -> 568.22004
B8: Cost of Equity | C8: =WACC!D26 -> 0.084927601
B9: Cost of Capital | C9: =WACC!D30 -> 0.075544002 | E9: Terminal Value | F9: =(F7*(1+Cost_of_Capital)/(Cost_of_Capital-F5)) -> 5482.6646 | H9: Terminal Value | I9: =I7*I5 -> 5113.9804
E10: Implied EV/EBITDA | F10: =F9/O48 -> 9.6488407 | H10: Implied Growth Rate | I10: =(I9*Cost_of_Capital-O46)/(I9+O46) -> 0.0032012482
B11: Diluted Shares Count | C11: 152.6
E12: Present Value of TV | F12: =F9*O51 -> 2846.676 | H12: Present Value of TV | I12: =I9*O51 -> 2655.25
E14: Terminal Value | F14: =F12 -> 2846.676 | H14: Terminal Value | I14: =I12 -> 2655.25
E15: Sum of PV | F15: =SUM(F53:O53) -> 2278.3409 | H15: Sum of PV | I15: =SUM(F53:O53) -> 2278.3409
E16: (+) Cash | F16: =Data!G37 -> 403.3 | H16: (+) Cash | I16: =Data!G37 -> 403.3
E17: (-) Debt | F17: =-Data!G46 -> -2177.4 | H17: (-) Debt | I17: =-Data!G46 -> -2177.4
E18: Equity | F18: =SUM(F14:F17) -> 3350.9169 | H18: Equity | I18: =SUM(I14:I17) -> 3159.4909
E20: Share Price | F20: =F18/C11 -> 21.958826 | H20: Share Price | I20: =I18/C11 -> 20.704396
D22: Historical | J22: Projected
B23: Income Statement | C23: 2022 | D23: 2023 | E23: 2024 | F23: 2025 | G23: 2026 | H23: 2027 | I23: 2028 | J23: 2029 | K23: 2030 | L23: 2031 | M23: 2032 | N23: 2033 | O23: 2034
B24: Revenue | C24: =Data!E9 -> 2939.7 | D24: =Data!F9 -> 3044.5 | E24: =Data!G9 -> 3099.89 | F24: =Data!I9 -> 3128.8022 | G24: =Data!J9 -> 3175.7343 | H24: =Data!K9 -> 3215.431 | I24: =Data!L9 -> 3247.5853 | J24: =Data!M9 -> 3280.0611 | K24: =J24*(1+K25) -> 3312.8617 | L24: =K24*(1+L25) -> 3345.9904 | M24: =L24*(1+M25) -> 3379.4503 | N24: =M24*(1+N25) -> 3413.2448 | O24: =N24*(1+O25) -> 3447.3772
B25: Growth | C25: =IFERROR(C24/B24-1, "N/A") -> N/A | D25: =IFERROR(D24/C24-1, "N/A") -> 0.035649896 | E25: =IFERROR(E24/D24-1, "N/A") -> 0.018193464 | F25: =IFERROR(F24/E24-1, "N/A") -> 0.0093268632 | G25: =IFERROR(G24/F24-1, "N/A") -> 0.015 | H25: =IFERROR(H24/G24-1, "N/A") -> 0.0125 | I25: =IFERROR(I24/H24-1, "N/A") -> 0.01 | J25: =IFERROR(J24/I24-1, "N/A") -> 0.01 | K25: 0.01 | L25: 0.01 | M25: 0.01 | N25: 0.01 | O25: 0.01
B27: (-) Operating Expenses | C27: =Data!E16+Data!E10 -> -2564.3 | D27: =Data!F16+Data!F10 -> -2704.1 | E27: =Data!G16+Data!G10 -> -2712.8 | F27: =Data!I16+Data!I10 -> -2764.9225 | G27: =Data!J16+Data!J10 -> -2798.1395 | H27: =Data!K16+Data!K10 -> -2819.933 | I27: =Data!L16+Data!L10 -> -2838.3895 | J27: =Data!M16+Data!M10 -> -2860.2133 | K27: =K29-K24 -> -2865.6254 | L27: =L29-L24 -> -2894.2817 | M27: =M29-M24 -> -2923.2245 | N27: =N29-N24 -> -2952.4567 | O27: =O29-O24 -> -2981.9813
B29: Operating Profit | C29: =Data!E18 -> 375.4 | D29: =Data!F18 -> 340.4 | E29: =Data!G18 -> 387.09 | F29: =Data!I18 -> 363.8797 | G29: =Data!J18 -> 377.59481 | H29: =Data!K18 -> 395.49801 | I29: =Data!L18 -> 409.19574 | J29: =Data!M18 -> 419.84782 | K29: =K24*K30 -> 447.23633 | L29: =L24*L30 -> 451.7087 | M29: =M24*M30 -> 456.22578 | N29: =N24*N30 -> 460.78804 | O29: =O24*O30 -> 465.39592
B30: Operating Margin | C30: =C29/C24 -> 0.12770011 | D30: =D29/D24 -> 0.11180818 | E30: =E29/E24 -> 0.12487217 | F30: =F29/F24 -> 0.1163 | G30: =G29/G24 -> 0.1189 | H30: =H29/H24 -> 0.123 | I30: =I29/I24 -> 0.126 | J30: =J29/J24 -> 0.128 | K30: 0.135 | L30: 0.135 | M30: 0.135 | N30: 0.135 | O30: 0.135
B32: (-) Taxes | C32: =-C29*Marginal_Tax_Rate -> -93.85 | D32: =-D29*Marginal_Tax_Rate -> -85.1 | E32: =-E29*Marginal_Tax_Rate -> -96.7725 | F32: =-F29*Marginal_Tax_Rate -> -90.969925 | G32: =-G29*Marginal_Tax_Rate -> -94.398702 | H32: =-H29*Marginal_Tax_Rate -> -98.874502 | I32: =-I29*Marginal_Tax_Rate -> -102.29894 | J32: =-J29*Marginal_Tax_Rate -> -104.96196 | K32: =K29*-K33 -> -111.80908 | L32: =L29*-L33 -> -112.92717 | M32: =M29*-M33 -> -114.05645 | N32: =N29*-N33 -> -115.19701 | O32: =O29*-O33 -> -116.34898
B33: Effective Tax Rate | C33: =-C32/C29 -> 0.25 | D33: =-D32/D29 -> 0.25 | E33: =-E32/E29 -> 0.25 | F33: =-F32/F29 -> 0.25 | G33: =-G32/G29 -> 0.25 | H33: =-H32/H29 -> 0.25 | I33: =-I32/I29 -> 0.25 | J33: =-J32/J29 -> 0.25 | K33: =J33 -> 0.25 | L33: =K33 -> 0.25 | M33: =L33 -> 0.25 | N33: =M33 -> 0.25 | O33: =N33 -> 0.25
B35: NOPAT | C35: =C32+C29 -> 281.55 | D35: =D32+D29 -> 255.3 | E35: =E32+E29 -> 290.3175 | F35: =F32+F29 -> 272.90978 | G35: =G32+G29 -> 283.1961 | H35: =H32+H29 -> 296.62351 | I35: =I32+I29 -> 306.89681 | J35: =J32+J29 -> 314.88587 | ... O35: =O32+O29 -> 349.04694
B37: (+) D&A | C37: =Data!E58 -> 88.6 | D37: =Data!F58 -> 95 | E37: =Data!G58 -> 96.9 | F37: =Data!I58 -> 93.7 | G37: =Data!J58 -> 93.7 | H37: =Data!K58 -> 93.7 | I37: =Data!L58 -> 93.7 | J37: =Data!M58 -> 93.7 | K37: =K38*K24 -> 98.811956 | L37: =L38*L24 -> 99.800076 | M37: =M38*M24 -> 100.79808 | N37: =N38*N24 -> 101.80606 | O37: =O38*O24 -> 102.82412
B38: D&A as % Revenue | C38: =C37/C24 -> 0.03013913 | D38: =D37/D24 -> 0.03120381 | E38: =E37/E24 -> 0.031259174 | F38: =F37/F24 -> 0.029947562 | G38: =G37/G24 -> 0.029504987 | H38: =H37/H24 -> 0.029140728 | I38: =I37/I24 -> 0.028852206 | J38: =J37/J24 -> 0.028566541 | K38: =AVERAGE(C38:J38) -> 0.029826767 | L38: =K38 -> 0.029826767 | M38: =L38 -> 0.029826767 | N38: =M38 -> 0.029826767 | O38: =N38 -> 0.029826767
B40: (+/-) Working Capital | C40: =Data!E61 -> -96.8 | D40: =Data!F61 -> 58 | E40: =Data!G61 -> -11.6 | F40: =Data!I61 -> -80.430316 | G40: =Data!J61 -> 59.429188 | H40: =Data!K61 -> 53.698402 | I40: =Data!L61 -> 24.831918 | J40: =Data!M61 -> 50.651093 | K40: =K41*K24 -> 6.2844411 | L40: =L41*L24 -> 6.3472855 | M40: =M41*M24 -> 6.4107584 | N40: =N41*N24 -> 6.4748659 | O40: =O41*O24 -> 6.5396146
B41: Working Capital as % Revenue | C41: =C40/C24 -> -0.03292853 | D41: =D40/D24 -> 0.019050747 | E41: =E40/E24 -> -0.0037420683 | F41: =F40/F24 -> -0.025706424 | G41: =G40/G24 -> 0.018713527 | H41: =H40/H24 -> 0.016700219 | I41: =I40/I24 -> 0.0076462713 | J41: =J40/J24 -> 0.015442119 | K41: =AVERAGE(C41:J41) -> 0.0018969826 | L41: =K41 -> 0.0018969826 | M41: =L41 -> 0.0018969826 | N41: =M41 -> 0.0018969826 | O41: =N41 -> 0.0018969826
B43: (-) CAPEX | C43: =Data!E68+Data!E69 -> -79.1 | D43: =Data!F68+Data!F69 -> -82.4 | E43: =Data!G68+Data!G69 -> -80.3 | F43: =Data!I68+Data!I69 -> -83.40795 | G43: =Data!J68+Data!J69 -> -84.446069 | H43: =Data!K68+Data!K69 -> -85.324145 | I43: =Data!L68+Data!L69 -> -86.035386 | J43: =Data!M68+Data!M69 -> -86.75374 | K43: =K44*-K24 -> -86.134405 | L43: =L44*-L24 -> -86.995749 | M43: =M44*-M24 -> -87.865707 | N43: =N44*-N24 -> -88.744364 | O43: =O44*-O24 -> -89.631807
B44: CAPEX as % Revenue | C44: =-C43/C24 -> 0.026907508 | D44: =-D43/D24 -> 0.0270652 | E44: =-E43/E24 -> 0.025904145 | F44: =-F43/F24 -> 0.026658109 | G44: =-G43/G24 -> 0.026591037 | H44: =-H43/H24 -> 0.026535835 | I44: =-I43/I24 -> 0.02649211 | J44: =-J43/J24 -> 0.026448818 | K44: 0.026 | L44: 0.026 | M44: 0.026 | N44: 0.026 | O44: 0.026
B46: Unlevered Free Cash Flow | C46: =C35+C37+C40+C43 -> 194.25 | D46: =D35+D37+D40+D43 -> 325.9 | E46: =E35+E37+E40+E43 -> 295.3175 | F46: =F35+F37+F40+F43 -> 202.77151 | G46: =G35+G37+G40+G43 -> 351.87922 | H46: =H35+H37+H40+H43 -> 358.69776 | I46: =I35+I37+I40+I43 -> 339.39334 | J46: =J35+J37+J40+J43 -> 372.48322 | ... O46: =O35+O37+O40+O43 -> 368.77887
B48: EBITDA | C48: =C29+C37 -> 464 | D48: =D29+D37 -> 435.4 | E48: =E29+E37 -> 483.99 | F48: =F29+F37 -> 457.5797 | G48: =G29+G37 -> 471.29481 | H48: =H29+H37 -> 489.19801 | I48: =I29+I37 -> 502.89574 | J48: =J29+J37 -> 513.54782 | ... O48: =O29+O37 -> 568.22004
B50: Period | G50: 1 | H50: 2 | I50: 3 | J50: 4 | K50: 5 | L50: 6 | M50: 7 | N50: 8 | O50: 9
B51: Discount Factor | G51: =1/(1+Cost_of_Capital)^G50 -> 0.92976205 | H51: =1/(1+Cost_of_Capital)^H50 -> 0.86445748 | I51: =1/(1+Cost_of_Capital)^I50 -> 0.80373976 | J51: =1/(1+Cost_of_Capital)^J50 -> 0.74728673 | K51: =1/(1+Cost_of_Capital)^K50 -> 0.69479884 | L51: =1/(1+Cost_of_Capital)^L50 -> 0.6459976 | M51: =1/(1+Cost_of_Capital)^M50 -> 0.60062406 | N51: =1/(1+Cost_of_Capital)^N50 -> 0.55843746 | O51: =1/(1+Cost_of_Capital)^O50 -> 0.51921396
B53: PV of FCF | G53: =G51*G46 -> 327.16395 | H53: =H51*H46 -> 310.07896 | I53: =I51*I46 -> 272.78392 | J53: =J51*J46 -> 278.35177 | K53: =K51*K46 -> 246.22924 | L53: =L51*L46 -> 231.22395 | M53: =M51*M46 -> 217.13308 | N53: =N51*N46 -> 203.90092 | O53: =O51*O46 -> 191.47513
B56: EV/EBITDA | F56: Cost of Capital
B57: =I20 -> 20.704396 | C57: 0.06 | D57: =C57+0.5% -> 0.065 | E57: =D57+0.5% -> 0.07 | F57: =E57+0.5% -> 0.075 | G57: =F57+0.5% -> 0.08 | H57: =G57+0.5% -> 0.085 | I57: =H57+0.5% -> 0.09
B58: 10 | C58: 26.378312 | D58: 25.120078 | E58: 23.914961 | F58: 22.760407 | G58: 21.653994 | H58: 20.59343 | I58: 19.576544
B59: 9 | C59: 24.174324 | D59: 23.007486 | E59: 21.889574 | F59: 20.818243 | G59: 19.791271 | H59: 18.806554 | I59: 17.862099
B60: 8 | C60: 21.970336 | D60: 20.894894 | E60: 19.864187 | F60: 18.87608 | G60: 17.928549 | H60: 17.019679 | I60: 16.147654
B61: 7 | C61: 19.766348 | D61: 18.782303 | E61: 17.8388 | F61: 16.933916 | G61: 16.065826 | H61: 15.232803 | I61: 14.433209
B62: 6 | C62: 17.56236 | D62: 16.669711 | E62: 15.813413 | F62: 14.991752 | G62: 14.203103 | H62: 13.445927 | I62: 12.718764
B63: 5 | C63: 15.358372 | D63: 14.55712 | E63: 13.788026 | F63: 13.049588 | G63: 12.34038 | H63: 11.659051 | I63: 11.004319
B64: 4 | C64: 13.154384 | D64: 12.444528 | E64: 11.76264 | F64: 11.107425 | G64: 10.477658 | H64: 9.8721753 | I64: 9.2898741
B66: Growth | F66: Cost of Capital
B67: =F20 -> 21.958826 | C67: 0.06 | D67: =C67+0.5% -> 0.065 | E67: =D67+0.5% -> 0.07 | F67: =E67+0.5% -> 0.075 | G67: =F67+0.5% -> 0.08 | H67: =G67+0.5% -> 0.085 | I67: =H67+0.5% -> 0.09
B68: 0 | C68: 29.608902 | D68: 26.458896 | E68: 23.75402 | F68: 21.405623 | G68: 19.347192 | H68: 17.52784 | I68: 15.90797
B69: =B68+0.25% -> 0.0025 | C69: 30.707618 | D69: 27.357485 | E69: 24.498202 | F69: 22.028618 | G69: 19.873657 | H69: 17.976421 | I69: 16.292995
B70: =B69+0.25% -> 0.005 | C70: 31.906217 | D70: 28.330957 | E70: 25.29963 | F70: 22.696113 | G70: 20.43522 | H70: 18.453038 | I70: 16.700669
B71: =B70+0.25% -> 0.0075 | C71: 33.218969 | D71: 29.389078 | E71: 26.165171 | F71: 23.413051 | G71: 21.035511 | H71: 18.960404 | I71: 17.13305
B72: =B71+0.25% -> 0.01 | C72: 34.662996 | D72: 30.543393 | E72: 27.102841 | F72: 24.185139 | G72: 21.678681 | H72: 19.501596 | I72: 17.592455
B73: =B72+0.25% -> 0.0125 | C73: 36.259026 | D73: 31.807642 | E73: 28.122048 | F73: 25.018994 | G73: 22.369493 | H73: 20.08011 | I73: 18.081499
B74: =B73+0.25% -> 0.015 | C74: 38.032392 | D74: 33.198316 | E74: 29.233909 | F74: 25.922336 | G74: 23.113444 | H74: 20.699947 | I74: 18.603145
